General information
			
			
        
        - name: BNet
 
        - type: Ladder team game (AT/RT)
 
        - host: Battle.net
 
        - saver: greedoFthenoob
 
        
map: GnollWood 
        - players: 4
 
        - length: 23:11
 
        - speed: Fast
 - version: 1.22 W3XP
 - replay type:  Public
 
» download(153 KB)
Players
        team 1 (loser) 
              
              
ITH.HappYness (
orange | 122 APM | 2796 actions | 23:00)
              
 5 Priestess of the Moon 
 2 Trueshot Aura
 3 Searing Arrows
 
                » actions 
                
                | Assign group hotkey | 102 |  | 
| Basic commands | 16 |  | 
| Build / train | 71 |  | 
| ESC pressed | 5 |  | 
| Enter build submenu | 16 |  | 
| Enter hero's abilities submenu | 5 |  | 
| Give item / drop item | 3 |  | 
| Right click | 1263 |  | 
| Select / deselect | 561 |  | 
| Select group hotkey | 623 |  | 
| Use ability | 131 |  | 
                2796 total
 » units 
                
                | Wisp | 28 |  | 
| Huntress | 20 |  | 
| Glaive Thrower | 2 |  | 
                50 total
 » upgrades
                » buildings
                
                | Altar of Elders | 1 |  | 
| Moon Well | 6 |  | 
| Hunter's Hall | 1 |  | 
| Ancient of War | 2 |  | 
| Tree of Life | 3 |  | 
                13 total
 » build order
                00:03 Altar of Elders
00:17 Moon Well
01:46 Hunter's Hall
01:50 Ancient of War
02:04 Moon Well
02:29 Ancient of War
02:41 Moon Well
05:23 Moon Well
08:12 Tree of Life
08:24 Moon Well
08:29 Moon Well
12:36 Tree of Life
20:32 Tree of Life
» items
                
                | Scroll of Town Portal | 3 |  | 
| Scroll of Healing | 4 |  | 
| Scroll of Protection | 1 |  | 
| Orb of Corruption | 1 |  | 
| Potion of Healing | 1 |  | 
                10 total
  
               
              
              
ITH.LiCh-JaH. (
green | 94 APM | 2160 actions | 22:58)
              
 4 Death Knight 
 2 Death Coil
 2 Unholy Aura
 4 Lich 
 2 Frost Nova
 2 Dark Ritual
 
                » actions 
                
                | Assign group hotkey | 83 |  | 
| Basic commands | 61 |  | 
| Build / train | 72 |  | 
| ESC pressed | 2 |  | 
| Enter build submenu | 14 |  | 
| Enter hero's abilities submenu | 8 |  | 
| Give item / drop item | 4 |  | 
| Remove unit from queue | 1 |  | 
| Right click | 927 |  | 
| Select / deselect | 342 |  | 
| Select group hotkey | 511 |  | 
| Use ability | 135 |  | 
                2160 total
 » units 
                
                | Acolyte | 3 |  | 
| Ghoul | 1 |  | 
| Crypt Fiend | 11 |  | 
| Obsidian Statue | 6 |  | 
| Frost Wyrm | 6 |  | 
                27 total
 » upgrades
                
                | Destroyer Form | 1 |  | 
| Freezing Breath | 1 |  | 
| Creature Attack | 2 |  | 
| Web | 1 |  | 
| Creature Carapace | 1 |  | 
                6 total
 » buildings
                
                | Graveyard | 1 |  | 
| Altar of Darkness | 1 |  | 
| Crypt | 1 |  | 
| Ziggurat | 6 |  | 
| Tomb of Relics | 1 |  | 
| Nerubian Tower | 4 |  | 
| Halls of the Dead | 2 |  | 
| Black Citadel | 1 |  | 
| Slaughterhouse | 1 |  | 
| Sacrificial Pit | 1 |  | 
| Boneyard | 2 |  | 
                21 total
 » build order
                00:09 Graveyard
00:18 Altar of Darkness
00:30 Crypt
00:46 Ziggurat
01:04 Tomb of Relics
01:43 Ziggurat
02:21 Nerubian Tower
02:21 Nerubian Tower
02:21 Nerubian Tower
02:22 Nerubian Tower
04:33 Halls of the Dead
04:33 Halls of the Dead
06:19 Ziggurat
06:50 Ziggurat
07:41 Black Citadel
07:57 Slaughterhouse
08:00 Sacrificial Pit
09:42 Ziggurat
10:52 Boneyard
10:53 Boneyard
14:42 Ziggurat
» items
                
                | Rod of Necromancy | 4 |  | 
| Dust of Appearance | 3 |  | 
| Potion of Healing | 2 |  | 
| Scroll of Town Portal | 4 |  | 
| Potion of Lesser Invulnerability | 2 |  | 
| Orb of Corruption | 1 |  | 
                16 total
  
               team 2 (winner) 
              
              
1RefDisrRush (
purple | 138 APM | 3173 actions | 23:00)
              
 5 Blademaster 
 2 Wind Walk
 3 Critical Strike
 4 Shadow Hunter 
 2 Hex
 2 Healing Wave
 
                » actions 
                
                | Assign group hotkey | 49 |  | 
| Basic commands | 3 |  | 
| Build / train | 89 |  | 
| ESC pressed | 1 |  | 
| Enter build submenu | 15 |  | 
| Enter hero's abilities submenu | 9 |  | 
| Give item / drop item | 5 |  | 
| Right click | 1644 |  | 
| Select / deselect | 513 |  | 
| Select group hotkey | 608 |  | 
| Use ability | 237 |  | 
                3173 total
 » units 
                
                | Peon | 9 |  | 
| Grunt | 6 |  | 
| Raider | 2 |  | 
| Spirit Walker | 2 |  | 
| Tauren | 10 |  | 
| Kodo Beast | 1 |  | 
| Troll Batrider | 7 |  | 
                37 total
 » upgrades
                
                | Berserker Strength | 1 |  | 
| Ensnare | 1 |  | 
| Spirit Walker Training | 2 |  | 
| Pulverize | 1 |  | 
| Liquid Fire | 1 |  | 
                6 total
 » buildings
                
                | Altar of Storms | 1 |  | 
| Orc Burrow | 6 |  | 
| Barracks | 1 |  | 
| Voodoo Lounge | 1 |  | 
| Stronghold | 3 |  | 
| Beastiary | 2 |  | 
| Spirit Lodge | 1 |  | 
| War Mill | 1 |  | 
| Fortress | 2 |  | 
| Tauren Totem | 2 |  | 
                20 total
 » build order
                00:03 Altar of Storms
00:14 Orc Burrow
00:33 Barracks
01:33 Orc Burrow
02:08 Voodoo Lounge
03:06 Stronghold
03:06 Stronghold
04:27 Orc Burrow
05:30 Beastiary
06:16 Spirit Lodge
06:17 War Mill
06:23 Beastiary
07:48 Orc Burrow
08:56 Fortress
08:57 Fortress
11:21 Tauren Totem
11:22 Tauren Totem
12:42 Orc Burrow
16:39 Orc Burrow
» items
                
                | Healing Salve | 2 |  | 
| Scroll of Speed | 1 |  | 
| Lesser Clarity Potion | 3 |  | 
| Circlet of Nobility | 1 |  | 
| Boots of Speed | 1 |  | 
| Dust of Appearance | 1 |  | 
| Staff of Teleportation | 1 |  | 
| Scroll of Healing | 2 |  | 
| Scroll of Town Portal | 4 |  | 
| Orb of Lightning | 1 |  | 
| Potion of Healing | 1 |  | 
| Potion of Lesser Invulnerability | 1 |  | 
                19 total
  
               
              
              
greedoFthenoob (
blue | 87 APM | 2011 actions | 23:11)
              
 4 Archmage 
 2 Summon Water Elemental
 2 Brilliance Aura
 4 Mountain King 
 2 Storm Bolt
 2 Bash
 2 Paladin 
 1 Holy Light
 1 Divine Shield
 
                » actions 
                
                | Assign group hotkey | 40 |  | 
| Basic commands | 49 |  | 
| Build / train | 139 |  | 
| ESC pressed | 8 |  | 
| Enter build submenu | 37 |  | 
| Enter hero's abilities submenu | 10 |  | 
| Give item / drop item | 4 |  | 
| Right click | 908 |  | 
| Select / deselect | 531 |  | 
| Select group hotkey | 180 |  | 
| Use ability | 105 |  | 
                2011 total
 » units 
                
                | Peasant | 48 |  | 
| Footman | 6 |  | 
| Rifleman | 9 |  | 
| Sorceress | 2 |  | 
| Priest | 4 |  | 
| Flying Machine | 17 |  | 
| Mortar Team | 1 |  | 
                87 total
 » upgrades
                
                | Masonry | 3 |  | 
| Long Rifles | 1 |  | 
| Flak Cannons | 1 |  | 
| Priest Training | 2 |  | 
| Gunpowder | 1 |  | 
                8 total
 » buildings
                
                | Altar of Kings | 1 |  | 
| Farm | 11 |  | 
| Barracks | 2 |  | 
| Town Hall | 1 |  | 
| Scout Tower | 13 |  | 
| Lumber Mill | 1 |  | 
| Arcane Tower | 1 |  | 
| Guard Tower | 7 |  | 
| Keep | 1 |  | 
| Blacksmith | 1 |  | 
| Arcane Sanctum | 2 |  | 
| Workshop | 2 |  | 
| Castle | 2 |  | 
| Arcane Vault | 1 |  | 
                46 total
 » build order
                00:06 Altar of Kings
00:16 Farm
00:19 Barracks
00:50 Farm
01:34 Farm
03:19 Town Hall
03:26 Scout Tower
03:27 Scout Tower
03:37 Scout Tower
03:52 Scout Tower
04:08 Lumber Mill
04:18 Scout Tower
04:26 Arcane Tower
05:47 Scout Tower
05:48 Scout Tower
05:50 Scout Tower
06:19 Farm
06:39 Guard Tower
06:43 Guard Tower
07:04 Scout Tower
08:05 Keep
08:21 Scout Tower
08:23 Scout Tower
08:25 Blacksmith
08:27 Guard Tower
08:45 Farm
08:57 Barracks
08:58 Guard Tower
09:22 Guard Tower
09:32 Farm
09:33 Farm
09:34 Farm
09:35 Farm
11:04 Scout Tower
11:05 Scout Tower
11:22 Arcane Sanctum
11:24 Workshop
11:26 Arcane Sanctum
11:40 Guard Tower
12:30 Guard Tower
14:13 Workshop
14:33 Castle
14:33 Castle
15:26 Arcane Vault
21:31 Farm
21:34 Farm
» items
                
                | Healing Salve | 2 |  | 
| Lesser Clarity Potion | 1 |  | 
| Boots of Speed | 2 |  | 
| Dust of Appearance | 1 |  | 
| Potion of Healing | 1 |  | 
| Scroll of Healing | 4 |  | 
| Scroll of Town Portal | 1 |  | 
| Potion of Lesser Invulnerability | 2 |  | 
                14 total
  
                Chat log
          (00:06 / All) ITH.HappYness: SUP REF
(00:06 / All) greedoFthenoob: gl hf
(00:11 / Allies) greedoFthenoob: so what to do
(00:13 / All) ITH.LiCh-JaH.: same
(00:21 / Allies) greedoFthenoob: fine
(00:26 / Allies) greedoFthenoob: but then you complain about ne ud fucking us up
(00:32 / Allies) 1RefDisrRush: how?
(00:39 / Allies) 1RefDisrRush: i dunnno
(00:44 / Allies) greedoFthenoob: try it why not
(00:47 / Allies) 1RefDisrRush: nah
(00:48 / Allies) 1RefDisrRush: it wont work
(00:48 / Allies) 1RefDisrRush: trust me
(00:51 / Allies) 1RefDisrRush: too many units
(00:56 / Allies) 1RefDisrRush: acutally
(00:57 / Allies) 1RefDisrRush: fine
(00:58 / Allies) 1RefDisrRush: try it
(01:11 / Allies) 1RefDisrRush: where at?
(01:13 / Allies) 1RefDisrRush: ?
(01:16 / Allies) greedoFthenoob: or
(01:18 / Allies) greedoFthenoob: below me
(01:20 / Allies) greedoFthenoob: depneds wher ethey are
(02:37 / Allies) 1RefDisrRush: go to posion dudes first
(02:49 / Allies) greedoFthenoob: fiends
(02:51 / Allies) greedoFthenoob: and orb
(03:13 / Allies) greedoFthenoob: share
(03:14 / Allies) greedoFthenoob: jesus christ
(03:14 / Allies) greedoFthenoob: share
(03:15 / Allies) greedoFthenoob: immediately
(03:16 / Allies) greedoFthenoob: shar
(03:17 / Allies) greedoFthenoob: sh
(03:52 / Allies) 1RefDisrRush: going ot find ue
(03:53 / Allies) 1RefDisrRush: ud
(05:06 / Allies) 1RefDisrRush: use my shop
(06:31 / Allies) 1RefDisrRush: brt
(07:44 / Allies) 1RefDisrRush: i going to find ud
(07:58 / Allies) 1RefDisrRush: they gonna expo
(08:48 / Allies) 1RefDisrRush: gold
(09:18 / Allies) greedoFthenoob: take gloves
(09:42 / Allies) 1RefDisrRush: running in
(09:47 / Allies) greedoFthenoob: im tp
(09:52 / Allies) 1RefDisrRush: stay back
(11:28 / Allies) greedoFthenoob: wroskshop?
(11:33 / Allies) 1RefDisrRush: dunno
(12:08 / Allies) 1RefDisrRush: get out
(12:09 / Allies) 1RefDisrRush: now
(13:02 / Allies) 1RefDisrRush: gold for tp
(14:29 / Allies) greedoFthenoob: bringing some peons with us at all times
(14:52 / Allies) 1RefDisrRush: sec
(14:53 / Allies) 1RefDisrRush: scoutng it
(14:57 / Allies) 1RefDisrRush: have  a tp
(15:00 / Allies) greedoFthenoob: buying
(15:06 / Allies) greedoFthenoob: shit none there
(15:50 / Allies) greedoFthenoob: take gloves
(15:52 / Allies) greedoFthenoob: give runed bracers
(15:59 / Allies) 1RefDisrRush: bm gets nuked hard man
(16:04 / Allies) greedoFthenoob: ok keep
(16:30 / Allies) 1RefDisrRush: fuck
(16:31 / Allies) 1RefDisrRush: i needd bats
(17:19 / Allies) 1RefDisrRush: canth era
(18:18 / Allies) greedoFthenoob: to tower man
(18:58 / Allies) greedoFthenoob: me
(20:13 / Allies) greedoFthenoob: fuck it
(20:13 / Allies) greedoFthenoob: hit
(20:14 / Allies) greedoFthenoob: dk is dead
(20:18 / Allies) 1RefDisrRush: you think
(20:19 / Allies) 1RefDisrRush: get a tp
(20:21 / Allies) greedoFthenoob: got
(20:25 / Allies) 1RefDisrRush: hit elf
(20:25 / Allies) 1RefDisrRush: not ud
(20:27 / Allies) greedoFthenoob: tiems
(20:53 / Allies) 1RefDisrRush: gave thing to mk
(20:55 / Allies) 1RefDisrRush: the brace
(23:01 / Allies) greedoFthenoob: gg